 Dungeon Crawl Stone Soup version 0.29-a0-97-g88c9fad16d (webtiles) character file.

Game seed: 9236880114041850201

213292 ZeroWinrate the Basher (level 19, -4/152 HPs)
             Began as a Gnoll Wanderer on Feb 12, 2022.
             Was the Champion of Okawaru.
             Shot with an arrow by a deep elf archer (25 damage)
             ... on level 3 of the Elven Halls on Feb 14, 2022.
             The game lasted 02:04:54 (43948 turns).

ZeroWinrate the Basher (Gnoll Wanderer)            Turns: 43948, Time: 02:04:55

Health: -4/152     AC: 17    Str: 14    XL:     19   Next: 35%
Magic:  9/35       EV: 32    Int: 21    God:    Okawaru [******]
Gold:   664        SH:  0    Dex:  9    Spells: 7/43 levels left

rFire   + . .      SeeInvis +     - Unarmed
rCold   + . .      Faith    .   (shield currently unavailable)
rNeg    . . .      Spirit   .   S - +3 robe of Clouds {*Thunder rCloud rElec}
rPois   .          Reflect  .   X - +2 helmet {SInv}
rElec   +          Harm     .   a - scarf {repulsion}
rCorr   .          Rampage  +   (gloves currently unavailable)
Will    ++...                   m - +1 pair of boots {rampage}
Stlth   ++++++....              c - amulet of Baugutwe {Acrobat rC+ Will+ Str-5 Int+4}
HPRegen 0.35/turn               B - +4 ring of protection
MPRegen 0.24/turn               F - ring "Luyre" {Drain rF+ Str+2 Slay+4}

@: blade hands (expiring), heroic, finesse-ful, acrobatic, very slightly
contaminated, hasted and slowed, repel missiles
A: fangs 1, strong nose, distributed training
a: End Transformation, Renounce Religion, Heroism, Finesse, Duel


You were on level 3 of the Elven Halls.
You worshipped Okawaru.
Okawaru was exalted by your worship.
You had blades for hands.
You visited 6 branches of the dungeon, and saw 28 of its levels.
You also visited: Ossuary.

You collected 3370 gold pieces.
You spent 2706 gold pieces at shops.

Inventory:

Hand Weapons
 r - the +7 morningstar "Killer Klown's Bane" (melded) {vamp, +Blink rC+ Will+ Int-4}
   (You bought it in a shop on level 2 of the Dungeon)

   It occasionally heals its wielder for a portion of the damage dealt when it
   wounds a living foe.
   Int:       It affects your intelligence (-4).
   rC:        It protects you from cold.
   +Blink:    It lets you blink.
   Will:      It increases your willpower.
Missiles
 h - 10 silver javelins
 v - 32 poisoned darts
 w - 9 javelins
 H - 26 boomerangs (quivered)
 K - 3 throwing nets
Armour
 a - a scarf of repulsion (worn)
 m - a +1 pair of boots of rampaging (worn)
 G - a +0 kite shield (melded)
 M - a +2 pair of gloves (melded)
 Q - a +1 pair of boots
 S - the +3 robe of Clouds (worn) {*Thunder rCloud rElec}
   (You found it on level 1 of the Lair of Beasts)

   It occasionally creates storm clouds above nearby enemies.
   It grants its wearer immunity to clouds.
   rElec:     It insulates you from electricity.
 X - a +2 helmet of see invisible (worn)
Jewellery
 c - the amulet of Baugutwe (around neck) {Acrobat rC+ Will+ Str-5 Int+4}
   (You bought it in a shop on level 2 of the Orcish Mines)

   [amulet of the acrobat]

   It increases your evasion while moving and waiting.
   Str:       It affects your strength (-5).
   Int:       It affects your intelligence (+4).
   rC:        It protects you from cold.
   Will:      It increases your willpower.
 B - a +4 ring of protection (left blade hand)
 F - the ring "Luyre" (right blade hand) {Drain rF+ Str+2 Slay+4}
   (You acquired it on level 6 of the Lair of Beasts)

   [ring of slaying]

   Str:       It affects your strength (+2).
   Slay:      It affects your accuracy & damage with ranged weapons and melee
   (+4).
   rF:        It protects you from fire.
   Drain:     It drains your maximum health when unequipped.
 L - a ring of wizardry
Wands
 k - a wand of acid (9)
 A - a wand of polymorph (16)
 J - a wand of digging (11)
 W - a wand of mindburst (6)
Scrolls
 d - a scroll of enchant armour
 f - 4 scrolls of fog
 l - 6 scrolls of teleportation
 n - a scroll of identify
 o - a scroll of torment
 p - a scroll of vulnerability
 t - a scroll of blinking
 y - 7 scrolls of immolation
 C - a scroll of magic mapping
 D - 2 scrolls of summoning
 U - 2 scrolls of brand weapon
 V - 3 scrolls of amnesia
Potions
 b - 2 potions of cancellation
 e - 7 potions of curing
 g - 3 potions of berserk rage
 i - 4 potions of might
 q - 6 potions of resistance
 s - 3 potions of flight
 u - 3 potions of haste
 x - a potion of invisibility
 z - 3 potions of brilliance
 E - 12 potions of ambrosia
 I - 4 potions of attraction
 N - 3 potions of heal wounds
 O - a potion of lignification {unknown}
Miscellaneous
 j - a condenser vane
 Z - a lightning rod (4/4)


   Skills:
 + Level 14.0(19.0) Fighting
 + Level 12.5(17.5) Short Blades
 + Level 12.5(17.5) Long Blades
 + Level 12.8(17.8) Axes
 + Level 14.9(19.9) Maces & Flails
 + Level 12.5(17.5) Polearms
 + Level 12.5(17.5) Staves
 + Level 12.5(17.5) Slings
 + Level 12.5(17.5) Bows
 + Level 12.5(17.5) Crossbows
 + Level 12.5(17.5) Throwing
 + Level 12.5(17.5) Armour
 + Level 13.3(18.3) Dodging
 + Level 12.5(17.5) Stealth
 + Level 12.5(17.5) Shields
 + Level 12.5(17.5) Unarmed Combat
 + Level 12.5 Spellcasting
 + Level 10.6 Conjurations
 + Level 10.6 Hexes
 + Level 10.6 Summonings
 + Level 10.6 Necromancy
 + Level 10.6 Translocations
 + Level 10.6 Transmutations
 + Level 10.6 Fire Magic
 + Level 10.6 Ice Magic
 + Level 10.6 Air Magic
 + Level 10.6 Earth Magic
 + Level 10.6 Poison Magic
 + Level 13.6 Invocations
 + Level 12.5 Evocations


You had 7 spell levels left.
You knew the following spells:

 Your Spells              Type           Power      Damage    Failure   Level
a - Beastly Appendage     Tmut           100%       N/A       6%          1
b - Leda's Liquefaction   Hex/Erth       27%        N/A       13%         4
c - Scorch                Fire           100%       2d10      7%          2
d - Ozocubu's Armour      Ice            55%        N/A       9%          3
e - Flame Wave            Conj/Fire      55%        2d11      13%         4
f - Fireball              Conj/Fire      27%        3d12      21%         5
g - Blade Hands           Tmut           27%        N/A       21%         5
h - Blink                 Tloc           100%       N/A       7%          2
i - Slow                  Hex            100%       N/A       6%          1
j - Manifold Assault      Tloc           55%        N/A       21%         5
k - Dispel Undead         Necr           55%        3d20      13%         4

Your spell library contained the following spells:

 Spells                   Type           Power      Damage    Failure   Level
 Apportation              Tloc           100%       N/A       6%          1
 Foxfire                  Conj/Fire      100%       2x1d9     6%          1
 Pain                     Necr           100%       1d9       6%          1
 Corpse Rot               Necr/Air       100%       N/A       7%          2
 Wereblood                Tmut           55%        N/A       7%          2
 Confusing Touch          Hex            55%        N/A       9%          3
 Conjure Flame            Conj/Fire      55%        6-21      9%          3
 Dazzling Flash           Conj/Hex       100%       N/A       9%          3
 Gell's Gravitas          Tloc           55%        N/A       9%          3
 Inner Flame              Hex/Fire       55%        N/A       9%          3
 Lesser Beckoning         Tloc           55%        N/A       9%          3
 Portal Projectile        Hex/Tloc       100%       N/A       9%          3
 Spider Form              Tmut/Pois      55%        N/A       9%          3
 Teleport Other           Tloc           55%        N/A       9%          3
 Vampiric Draining        Necr           55%        2d9       9%          3
 Petrify                  Tmut/Erth      55%        N/A       13%         4
 Agony                    Necr           55%        N/A       21%         5
 Excruciating Wounds      Necr           27%        N/A       21%         5
 Iskenderun's Battlesphe  Conj           55%        2d11      21%         5
 Lee's Rapid Deconstruct  Erth           27%        3d16*     21%         5
 Metabolic Englaciation   Hex/Ice        27%        N/A       21%         5
 Silence                  Hex/Air        27%        N/A       21%         5
 Yara's Violent Unravell  Hex/Tmut       27%        3d12      21%         5
 Iron Shot                Conj/Erth      27%        9d6       45%         6
 Starburst                Conj/Fire      27%        6d9       45%         6
 Statue Form              Tmut/Erth      36%        N/A       45%         6
 Enfeeble                 Hex            27%        N/A       86%         7
 Orb of Destruction       Conj           27%        9d9       86%         7
 Ignition                 Fire           27%        3d9       100%        8
 Animate Skeleton         Necr           Unusable   N/A       N/A         1
 Summon Small Mammal      Summ           Unusable   N/A       N/A         1
 Call Canine Familiar     Summ           Unusable   N/A       N/A         3
 Summon Guardian Golem    Hex/Summ       Unusable   N/A       N/A         3
 Death Channel            Necr           Unusable   N/A       N/A         6
 Simulacrum               Ice/Necr       Unusable   N/A       N/A         6
 Summon Cactus Giant      Summ           Unusable   N/A       N/A         6
 Spellforged Servitor     Conj/Summ      Unusable   N/A       N/A         7

Dungeon Overview and Level Annotations

Branches:
Dungeon (15/15)            Temple (0/1) D:4            Lair (6/6) D:9
  Swamp (1/4) Lair:4        Snake (0/4) Lair:4        Slime (0/5) Lair:6
    Orc (2/2) D:9             Elf (3/3) Orc:2        Vaults (0/5) D:13
 Depths (1/4) D:15        Ossuary (visited)

Altars:
Ashenzari
Elyvilon
Hepliaklqana
Kikubaaqudgha
Okawaru
Ru
Trog
Vehumet
Wu Jian
Xom
The Shining One
Beogh
Jiyva

Shops:
D:2 !!(   D:8 [   D:15 [   Orc:2 ![=*

Portals:
Hell: Depths:1
Abyss: Depths:1
Pandemonium: Depths:1
Ziggurat: Depths:1

Annotations:
Lair:6 1 runed translucent door
Elf:2 3 runed translucent doors
Depths:1 1 runed translucent door


Innate Abilities, Weirdness & Mutations

You have blades for hands.
Your spellcasting is less reliable in this form.
You are incapable of wielding weapons or throwing items.
You have very sharp teeth.
Your uncanny sense of smell can sniff out nearby items.
Your experience applies equally to all skills.


Message History

Flame seeps out of the deep elf master archer.
The deep elf death mage convulses!
Flame seeps out of the deep elf death mage.
The deep elf demonologist convulses!
Flame seeps out of the deep elf demonologist.
The deep elf death mage convulses!
Flame seeps out of the deep elf death mage.
The deep elf blademaster convulses!
Flame seeps out of the deep elf blademaster.
Your body is wracked with pain!
* * * LOW HITPOINT WARNING * * *
The deep elf annihilator gestures wildly while chanting.
The deep elf annihilator blinks!
The deep elf death mage is engulfed in blazing flames.
Flame seeps out of the deep elf death mage.
The deep elf master archer wields a +0 longbow.
The deep elf master archer shoots an arrow.
The arrow misses you.
The deep elf death mage is engulfed in blazing flames.
Okawaru accepts your kill.
The deep elf death mage explodes!
The fiery explosion engulfs the deep elf death mage!!
Okawaru accepts your kill.
The fiery explosion engulfs the rust devil.
The rust devil completely resists.
The fiery explosion engulfs the deep elf pyromancer!!
Flame seeps out of the deep elf pyromancer.
The deep elf pyromancer is heavily wounded.
The fiery explosion engulfs the deep elf annihilator!!!
The deep elf annihilator is heavily wounded.
The deep elf death mage explodes!
The fiery explosion engulfs the deep elf blademaster!!
Flame seeps out of the deep elf blademaster.
The deep elf blademaster is severely wounded.
The deep elf archer is engulfed in blazing flames.
Flame seeps out of the deep elf archer.
The deep elf archer unwields a +0 rapier.
The deep elf archer wields a +0 shortbow.
The deep elf archer shoots an arrow.
The arrow hits you!!
You die...

∆ ∆∆ ### #.. ##.##
##... ##...## .e41..
##.....## ### 334...
#.......## ##.##
#..#e..
##.......###...###ee.e#
##...##.##....)#§§○e§##
##).###.)...)))@e§§4e.#
##.###
####.....#§§§e4## #'##
##...###§§§§# .## ##.##
#°§#.§. .## ### §§§...
..# ...... ..# ##...
..# #.. .##


You could see a deep elf blademaster (inner flame), an Ice Fiend (summoned), a
deep elf master archer (inner flame), a deep elf annihilator (empowered), 2 deep
elf demonologists, an orange demon (summoned, inner flame), a deep elf archer
(inner flame, empowered, repels missiles), a hellwing (summoned), a rust devil
(summoned), a deep elf pyromancer (inner flame, empowered) and a deep elf
zephyrmancer (inner flame, empowered).

Vanquished Creatures
  Jorgrun (D:12)
  A deep elf blademaster (Elf:3)
  A deep elf master archer (Elf:3)
  Roxanne (D:15)
  2 deep elf sorcerers
  2 orc warlords (Orc:2)
  A deep elf elementalist (Elf:3)
  2 stone giants (Depths:1)
  Nessos (D:15)
  2 deep elf annihilators
  5 deep elf demonologists
  A dire elephant (Lair:1)
  A bunyip (Swamp:1)
  An ettin (Depths:1)
  Snorg (D:10)
  5 deep elf death magi (Elf:3)
  5 fire dragons
  A blizzard demon (Depths:1)
  8 hydras
  2 great orbs of eyes
  A rakshasa (Depths:1)
  4 deep elf high priests (Elf:3)
  Harold (D:7)
  6 centaur warriors
  An anaconda (Lair:1)
  4 boulder beetles
  2 ogre magi (D:15)
  4 ice dragons
  2 death knights
  18 dancing weapons
  15 two-headed ogres
  A satyr (shapeshifter) (D:8)
  An alligator (Lair:1)
  7 orc high priests
  2 spriggan berserkers (Depths:1)
  15 death yaks
  2 vampire magi (Depths:1)
  Nergalle (D:11)
  Urug (Lair:6)
  6 deep elf knights
  A sixfirhy (Depths:1)
  2 fire crabs (Lair:1)
  2 skeletal warriors
  A glowing orange brain (Lair:6)
  A phantasmal warrior (D:14)
  5 orc knights
  3 lindwurms
  A swamp dragon (Lair:6)
  A bog body (Lair:4)
  10 deep elf archers
  21 deep elf pyromancers
  26 deep elf zephyrmancers
  Pikel (D:5)
  6 orc sorcerers
  14 ugly things
  3 manticores
  7 cyclopes
  Maurice (D:10)
  A smoke demon (Depths:1)
  11 elephants
  10 black mambas
  5 torpor snails
  2 gargoyles
  16 cane toads
  An orange demon (Depths:1)
  5 rime drakes
  4 unseen horrors
  3 kobold demonologists
  A tengu conjurer (Depths:1)
  An ice devil (Depths:1)
  An efreet (D:15)
  10 komodo dragons
  6 yaktaurs (D:15)
  A troll (shapeshifter) (D:15)
  4 tyrant leeches (Lair:6)
  13 trolls
  A queen bee (Lair:1)
  A polar bear (Lair:5)
  Grinder (D:5)
  A wind drake (shapeshifter) (D:15)
  8 hornets
  18 blink frogs
  3 shadows
  4 water elementals
  4 spriggans (Lair:3)
  A hog (shapeshifter) (D:15)
  4 wraiths
  2 wyverns
  3 fire elementals
  59 yaks
  5 basilisks
  5 steam dragons
  9 vampire mosquitoes
  2 nagas (Lair:4)
  4 wargs
  16 water moccasins
  2 sky beasts
  3 black bears
  3 hornet zombies
  A necrophage (D:6)
  37 orc warriors
  3 swamp drakes (Lair:6)
  3 ice beasts
  6 wolves
  12 centaurs
  13 ogres
  4 kobold brigands
  A wyvern zombie (D:8)
  9 bullfrogs
  2 gnoll sergeants
  A scorpion (Lair:1)
  34 killer bees
  10 wights (D:8)
  7 electric eels
  2 howler monkeys
  4 crimson imps (D:6)
  3 hounds
  7 centaur zombies
  A jelly (D:6)
  2 bullfrog skeletons
  31 orc priests
  2 centaur skeletons (D:7)
  A gnoll shaman (D:8)
  Ijyb (D:5)
  A hell rat (Lair:1)
  7 iguanas
  18 orc wizards
  A killer bee zombie (D:8)
  A hound skeleton (D:5)
  8 mummies (Ossuary)
  5 howler monkey zombies
  3 adders
  11 gnolls
  A shadow imp (D:5)
  2 white imps
  An ufetubus (D:5)
  A worm (D:2)
  2 dart slugs
  97 orcs
  6 endoplasms
  2 giant cockroaches
  3 gnoll zombies (Ossuary)
  2 goblins
  4 hobgoblins
  3 quokkas
  8 ball pythons
  4 bats
  2 frilled lizards
  4 hobgoblin zombies (Ossuary)
  16 kobolds
  An orc zombie (Ossuary)
  10 rats
  A rat zombie (D:3)
920 creatures vanquished.

Vanquished Creatures (others)
  A deep elf sorcerer (Elf:3)
  A deep elf demonologist (Elf:3)
  2 deep elf knights
  A deep elf pyromancer (Elf:2)
  A blink frog (Lair:6)
  An orc (Orc:2)
  A kobold (D:10)
  27 fungi
  81 plants
116 creatures vanquished.

Grand Total: 1036 creatures vanquished

Notes
Turn   | Place    | Note
-------+----------+-------------------------------------------
     0 | D:1      | ZeroWinrate the Gnoll Wanderer began the quest for the Orb.
     0 | D:1      | ZeroWinrate set off with the following items: a +3 mace, a
                  | +0 hand axe, a +0 leather armour
     0 | D:1      | Reached XP level 1. HP: 23/23 MP: 1/1
   220 | D:1      | Reached XP level 2. HP: 29/29 MP: 2/2
   473 | D:1      | Found a faded altar of an unknown god.
   482 | D:1      | Got Plato's Tome of Moulding
   840 | D:1      | Prayed at the altar of an unknown god.
   840 | D:1      | Became a worshipper of Warmaster Okawaru
   840 | D:1      | Reached * piety under Okawaru
   899 | D:2      | Identified the +1 scale mail "Xietevut" {rF+}
   954 | D:1      | You fall into a shaft and drop 1 floor!
   967 | D:2      | Reached XP level 3. HP: 35/35 MP: 2/4
  1000 | D:2      | Found Buetul's Distillery.
  1098 | D:2      | Learned a level 1 spell: Beastly Appendage
  1111 | D:2      | Reached skill level 1 in Invocations
  1147 | D:2      | Found Zilimmag's Distillery.
  1216 | D:2      | Found Ymolaela's Weapon Shop.
  1565 | D:3      | You fall into a shaft and drop 3 floors!
  1572 | D:6      | Reached skill level 1 in Short Blades
  1572 | D:6      | Reached skill level 1 in Long Blades
  1572 | D:6      | Reached skill level 1 in Polearms
  1572 | D:6      | Reached skill level 1 in Staves
  1572 | D:6      | Reached skill level 1 in Slings
  1572 | D:6      | Reached skill level 1 in Bows
  1572 | D:6      | Reached skill level 1 in Crossbows
  1572 | D:6      | Reached skill level 1 in Throwing
  1572 | D:6      | Reached skill level 1 in Armour
  1572 | D:6      | Reached skill level 1 in Stealth
  1572 | D:6      | Reached skill level 1 in Shields
  1572 | D:6      | Reached skill level 1 in Unarmed Combat
  1572 | D:6      | Reached skill level 1 in Spellcasting
  1572 | D:6      | Reached skill level 1 in Evocations
  1572 | D:6      | Reached XP level 4. HP: 35/41 MP: 1/5
  1668 | D:6      | Reached skill level 1 in Conjurations
  1668 | D:6      | Reached skill level 1 in Hexes
  1668 | D:6      | Reached skill level 1 in Summonings
  1668 | D:6      | Reached skill level 1 in Necromancy
  1668 | D:6      | Reached skill level 1 in Translocations
  1668 | D:6      | Reached skill level 1 in Transmutations
  1668 | D:6      | Reached skill level 1 in Fire Magic
  1668 | D:6      | Reached skill level 1 in Ice Magic
  1668 | D:6      | Reached skill level 1 in Air Magic
  1668 | D:6      | Reached skill level 1 in Earth Magic
  1668 | D:6      | Reached skill level 1 in Poison Magic
  1678 | D:6      | Noticed a necrophage
  1702 | D:6      | Learned a level 4 spell: Leda's Liquefaction
  1709 | D:6      | Killed a necrophage
  1709 | D:6      | Reached ** piety under Okawaru
  1710 | D:6      | Reached XP level 5. HP: 47/47 MP: 4/7
  1751 | D:6      | Reached XP level 6. HP: 48/53 MP: 8/8
  1893 | D:6      | Noticed an ice beast
  1905 | D:6      | Killed an ice beast
  1906 | D:6      | Reached skill level 5 in Dodging
  2054 | D:6      | Found a shimmering altar of Xom.
  2106 | D:6      | Reached XP level 7. HP: 30/59 MP: 10/10
  2132 | D:5      | Entered Level 5 of the Dungeon
  2150 | D:5      | Found a sand-covered staircase.
  2189 | Ossuary  | Entered an ossuary
  2320 | Ossuary  | Reached *** piety under Okawaru
  2815 | D:5      | Noticed Grinder
  2862 | D:5      | Killed Grinder
  2863 | D:5      | Reached XP level 8. HP: 21/67 MP: 10/12
  3191 | D:5      | Noticed Ijyb
  3235 | D:5      | Killed Ijyb
  3638 | D:5      | Found an ornate altar of the Wu Jian Council.
  3655 | D:5      | Found a white marble altar of Elyvilon.
  3673 | D:5      | Noticed Pikel
  3684 | D:5      | Killed Pikel
  3684 | D:5      | Reached **** piety under Okawaru
  3689 | D:5      | Reached XP level 9. HP: 18/72 MP: 9/14
  4009 | D:5      | Found a broken altar of Ashenzari.
  4536 | D:4      | Found a bloodstained altar of Trog.
  5181 | D:3      | Found an ancient bone altar of Kikubaaqudgha.
  5472 | D:4      | Found a staircase to the Ecumenical Temple.
  5951 | D:4      | Found a hazy altar of Hepliaklqana.
  6093 | D:6      | Learned a level 2 spell: Scorch
  6350 | D:6      | Reached skill level 5 in Axes
  6355 | D:6      | Received a gift from Okawaru
  6669 | D:7      | Noticed Harold
  6695 | D:7      | Killed Harold
  6696 | D:7      | Reached skill level 5 in Invocations
  6984 | D:7      | Reached ***** piety under Okawaru
  7145 | D:7      | Reached XP level 10. HP: 80/80 MP: 17/17
  7691 | D:7      | Reached skill level 5 in Short Blades
  7691 | D:7      | Reached skill level 5 in Long Blades
  7691 | D:7      | Reached skill level 5 in Polearms
  7691 | D:7      | Reached skill level 5 in Staves
  7691 | D:7      | Reached skill level 5 in Slings
  7691 | D:7      | Reached skill level 5 in Bows
  7691 | D:7      | Reached skill level 5 in Crossbows
  7691 | D:7      | Reached skill level 5 in Throwing
  7691 | D:7      | Reached skill level 5 in Armour
  7691 | D:7      | Reached skill level 5 in Stealth
  7691 | D:7      | Reached skill level 5 in Shields
  7691 | D:7      | Reached skill level 5 in Unarmed Combat
  7691 | D:7      | Reached skill level 5 in Spellcasting
  7691 | D:7      | Reached skill level 5 in Evocations
  8103 | D:8      | Reached skill level 10 in Maces & Flails
  8691 | D:8      | Found Dudoi's Armour Boutique.
  9251 | D:8      | Noticed a cyclops
  9260 | D:8      | Noticed a cane toad
  9260 | D:8      | a rime drake changed into a cane toad
  9270 | D:8      | a cane toad changed into a polar bear
  9376 | D:8      | Received a gift from Okawaru
  9583 | D:9      | Found a staircase to the Orcish Mines.
  9778 | D:8      | Noticed an anaconda
 10111 | D:9      | Noticed a death yak
 10111 | D:9      | Noticed a death yak
 10139 | Orc:1    | Entered Level 1 of the Orcish Mines
 10429 | Orc:2    | Entered Level 2 of the Orcish Mines
 10479 | Orc:2    | Received a gift from Okawaru
 10519 | Orc:2    | Noticed a two-headed ogre
 10579 | Orc:2    | Killed a two-headed ogre
 10596 | Orc:2    | Reached XP level 11. HP: 60/87 MP: 12/19
 10791 | Orc:2    | Noticed an orc high priest
 10820 | Orc:2    | Killed an orc high priest
 10821 | Orc:2    | Reached skill level 5 in Conjurations
 10821 | Orc:2    | Reached skill level 5 in Hexes
 10821 | Orc:2    | Reached skill level 5 in Summonings
 10821 | Orc:2    | Reached skill level 5 in Necromancy
 10821 | Orc:2    | Reached skill level 5 in Translocations
 10821 | Orc:2    | Reached skill level 5 in Transmutations
 10821 | Orc:2    | Reached skill level 5 in Fire Magic
 10821 | Orc:2    | Reached skill level 5 in Ice Magic
 10821 | Orc:2    | Reached skill level 5 in Air Magic
 10821 | Orc:2    | Reached skill level 5 in Earth Magic
 10821 | Orc:2    | Reached skill level 5 in Poison Magic
 11092 | Orc:2    | Identified the +5 quarterstaff "Leduoll" {antimagic, rElec
                  | rN+} (Okawaru gifted it to you on level 2 of the Orcish
                  | Mines)
 11092 | Orc:2    | Received a gift from Okawaru
 11351 | Orc:2    | Noticed an orc high priest
 11369 | Orc:2    | Killed an orc high priest
 11526 | Orc:2    | Noticed an orc knight
 11526 | Orc:2    | Noticed an orc warlord
 11526 | Orc:2    | Noticed an orc sorcerer
 11601 | Orc:1    | Learned a level 3 spell: Ozocubu's Armour
 11805 | Orc:1    | Noticed an orc sorcerer
 11831 | Orc:1    | Killed an orc sorcerer
 12079 | Orc:1    | Noticed a cyclops
 12346 | Orc:2    | Killed an orc sorcerer
 12483 | Orc:1    | Killed an orc knight
 12889 | Orc:1    | Noticed an orc high priest
 12895 | Orc:1    | Noticed a soul eater
 12895 | Orc:1    | Noticed a sixfirhy
 12906 | Orc:1    | Killed an orc high priest
 13227 | Orc:1    | Killed a cyclops
 13547 | Orc:2    | Noticed an orc high priest
 13549 | Orc:2    | Noticed a sixfirhy
 13816 | D:9      | Found a glowing golden altar of the Shining One.
 14251 | D:9      | Noticed a death yak
 14253 | D:9      | Found a staircase to the Lair.
 14287 | D:9      | Killed a death yak
 14288 | D:9      | Reached XP level 12. HP: 70/96 MP: 16/22
 14306 | D:9      | Killed a death yak
 14314 | D:9      | Killed a death yak
 14764 | D:9      | Noticed a two-headed ogre
 14776 | D:9      | Killed a two-headed ogre
 14776 | D:9      | Received a gift from Okawaru
 15497 | D:2      | Bought the +7 morningstar "Killer Klown's Bane" {vamp,
                  | +Blink rC+ Will+ Int-4} for 912 gold pieces
 15631 | D:8      | Noticed a satyr
 15644 | D:8      | Killed a satyr
 15644 | D:8      | Received a gift from Okawaru
 15956 | D:8      | Bought a +0 pair of boots for 67 gold pieces
 16016 | D:10     | Entered Level 10 of the Dungeon
 16025 | D:10     | Noticed a two-headed ogre
 16026 | D:10     | Noticed a two-headed ogre
 16026 | D:10     | Noticed Snorg
 16028 | D:10     | Noticed a two-headed ogre
 16036 | D:10     | Killed a two-headed ogre
 16037 | D:10     | Reached skill level 10 in Fighting
 16040 | D:10     | Noticed Maurice
 16043 | D:10     | Killed Snorg
 16054 | D:10     | Killed Maurice
 16054 | D:10     | Received a gift from Okawaru
 16056 | D:10     | Killed a two-headed ogre
 16058 | D:10     | Killed a two-headed ogre
 16582 | D:10     | Found a sacrificial altar of Ru.
 16751 | D:10     | Reached XP level 13. HP: 99/103 MP: 21/24
 17181 | D:11     | Received a gift from Okawaru
 17543 | D:11     | Noticed Nergalle
 17561 | D:11     | Killed Nergalle
 18333 | D:12     | Noticed Jorgrun
 18528 | D:13     | Found a gate to the Vaults.
 18651 | D:13     | Received a gift from Okawaru
 19427 | D:13     | Received a gift from Okawaru
 20299 | Lair:1   | Entered Level 1 of the Lair of Beasts
 20444 | Lair:1   | Noticed a dire elephant
 20636 | Lair:1   | Upgraded the game from 0.29-a0-96-g93358da72b to
                  | 0.29-a0-97-g88c9fad16d
 20692 | Lair:1   | Reached skill level 10 in Dodging
 20697 | Lair:1   | Reached XP level 14. HP: 110/113 MP: 26/26
 21179 | Lair:1   | Received a gift from Okawaru
 21369 | Lair:1   | Killed a dire elephant
 21734 | Lair:1   | Found the +3 robe of Clouds {*Thunder rCloud rElec}
 21752 | Lair:1   | Reached skill level 10 in Invocations
 22631 | D:12     | Learned a level 4 spell: Flame Wave
 22637 | D:12     | Learned a level 5 spell: Fireball
 22848 | D:12     | Killed Jorgrun
 23581 | D:14     | Reached ****** piety under Okawaru
 23709 | D:14     | Received a gift from Okawaru
 23722 | D:14     | Received a gift from Okawaru
 24018 | D:14     | Reached skill level 10 in Axes
 24494 | D:15     | Entered Level 15 of the Dungeon
 24779 | D:15     | Reached XP level 15. HP: 80/120 MP: 9/28
 25179 | Orc:2    | Received a gift from Okawaru
 25857 | Orc:2    | Found a staircase to the Elven Halls.
 25993 | Orc:2    | Found Ruubly's General Store.
 26083 | Orc:2    | Noticed an orc warlord
 26101 | Orc:2    | Killed an orc warlord
 26102 | Orc:2    | Reached skill level 10 in Short Blades
 26102 | Orc:2    | Reached skill level 10 in Long Blades
 26102 | Orc:2    | Reached skill level 10 in Polearms
 26102 | Orc:2    | Reached skill level 10 in Staves
 26102 | Orc:2    | Reached skill level 10 in Slings
 26102 | Orc:2    | Reached skill level 10 in Bows
 26102 | Orc:2    | Reached skill level 10 in Crossbows
 26102 | Orc:2    | Reached skill level 10 in Throwing
 26102 | Orc:2    | Reached skill level 10 in Armour
 26102 | Orc:2    | Reached skill level 10 in Stealth
 26102 | Orc:2    | Reached skill level 10 in Shields
 26102 | Orc:2    | Reached skill level 10 in Unarmed Combat
 26102 | Orc:2    | Reached skill level 10 in Spellcasting
 26102 | Orc:2    | Reached skill level 10 in Evocations
 26236 | Orc:2    | Bought a scroll of identify for 36 gold pieces
 26236 | Orc:2    | Bought a scroll of teleportation for 54 gold pieces
 26452 | Orc:2    | Found Risozu's Jewellery Shop.
 26463 | Orc:2    | Bought the amulet of Baugutwe {Acrobat rC+ Will+ Str-5
                  | Int+4} for 617 gold pieces
 26557 | Orc:2    | Found Weamolle's Distillery.
 26566 | Orc:2    | Bought 2 potions of heal wounds for 170 gold pieces
 26574 | Orc:2    | Found Daupnur's Antique Armour Shop.
 26674 | Orc:2    | Killed an orc warlord
 27181 | Lair:2   | Found a glowing golden altar of the Shining One.
 28240 | Lair:3   | Learned a level 5 spell: Blade Hands
 28755 | Lair:3   | Found a transporter.
 28845 | Lair:3   | Found a transporter.
 29299 | Lair:4   | Received a gift from Okawaru
 29761 | Lair:4   | Found a staircase to the Snake Pit.
 29916 | Lair:4   | Found a staircase to the Swamp.
 29984 | Lair:4   | You fall into a shaft and drop 2 floors!
 29984 | Lair:6   | Entered Level 6 of the Lair of Beasts
 29985 | Lair:6   | Identified a scroll of acquirement
 29990 | Lair:6   | Learned a level 2 spell: Blink
 29992 | Lair:6   | Learned a level 1 spell: Slow
 30210 | Lair:6   | Noticed Urug
 30221 | Lair:6   | Killed Urug
 30273 | Lair:6   | Found a runed translucent door.
 30308 | Lair:6   | Paralysed by a hornet for 1 turns
 30314 | Lair:6   | Received a gift from Okawaru
 30324 | Lair:6   | Reached XP level 16. HP: 102/128 MP: 30/30
 31813 | Lair:6   | Found a runed translucent door.
 31813 | Lair:6   | Found a viscous altar of Jiyva.
 31814 | Lair:6   | Found a staircase to the Slime Pits.
 31929 | Lair:6   | Received a gift from Okawaru
 32429 | Lair:5   | Received a gift from Okawaru
 33146 | Lair:5   | Received a gift from Okawaru
 33153 | Lair:5   | Acquired the ring "Luyre" {Drain rF+ Str+2 Slay+4}
 34150 | Lair:4   | Received a gift from Okawaru
 34907 | D:15     | Received a gift from Okawaru
 35002 | D:15     | Received a gift from Okawaru
 35165 | D:15     | Noticed Roxanne
 35192 | D:15     | Killed Roxanne
 35436 | D:15     | Found Dishresu's Armour Boutique.
 35565 | D:15     | Identified the +1 robe "Yqaunod" {rC+ Int+4 Stlth-}
                  | (Okawaru gifted it to you on level 15 of the Dungeon)
 35565 | D:15     | Received a gift from Okawaru
 35813 | D:15     | Noticed Nessos
 35833 | D:15     | Killed Nessos
 35868 | D:15     | Reached XP level 17. HP: 65/136 MP: 3/32
 36409 | D:15     | Found a staircase to the Depths.
 36579 | Depths:1 | Entered Level 1 of the Depths
 36579 | Depths:1 | Found a one-way gate to the infinite horrors of the Abyss.
 36959 | Depths:1 | Found a one-way gateway to a ziggurat.
 37508 | Depths:1 | Found a runed translucent door.
 37509 | Depths:1 | Noticed an acid blob
 37517 | Depths:1 | Noticed an acid blob
 37518 | Depths:1 | Noticed an acid blob
 37518 | Depths:1 | Noticed an acid blob
 37520 | Depths:1 | Noticed an acid blob
 38023 | Depths:1 | Found a gateway to Hell.
 38132 | Depths:1 | Found a one-way gate leading to the halls of Pandemonium.
 39196 | Swamp:1  | Entered Level 1 of the Swamp
 39812 | Elf:1    | Entered Level 1 of the Elven Halls
 39836 | Elf:1    | Found a radiant altar of Vehumet.
 40642 | Elf:1    | Learned a level 5 spell: Manifold Assault
 40647 | Elf:1    | Learned a level 4 spell: Dispel Undead
 41090 | Elf:1    | Received a gift from Okawaru
 41148 | Elf:1    | Reached skill level 10 in Conjurations
 41148 | Elf:1    | Reached skill level 10 in Hexes
 41148 | Elf:1    | Reached skill level 10 in Summonings
 41148 | Elf:1    | Reached skill level 10 in Necromancy
 41148 | Elf:1    | Reached skill level 10 in Translocations
 41148 | Elf:1    | Reached skill level 10 in Transmutations
 41148 | Elf:1    | Reached skill level 10 in Fire Magic
 41148 | Elf:1    | Reached skill level 10 in Ice Magic
 41148 | Elf:1    | Reached skill level 10 in Air Magic
 41148 | Elf:1    | Reached skill level 10 in Earth Magic
 41148 | Elf:1    | Reached skill level 10 in Poison Magic
 41210 | Elf:1    | Received a gift from Okawaru
 41604 | Orc:2    | Bought a potion of experience for 850 gold pieces
 41604 | Orc:2    | Reached XP level 18. HP: 144/144 MP: 32/34
 42816 | Elf:2    | Received a gift from Okawaru
 43017 | Elf:2    | Found a runed translucent gate.
 43018 | Elf:2    | Found a runed translucent gate.
 43018 | Elf:2    | Found a runed translucent gate.
 43024 | Elf:2    | Reached XP level 19. HP: 147/151 MP: 35/35
 43236 | Elf:3    | Entered Level 3 of the Elven Halls
 43435 | Elf:3    | Noticed a Brimstone Fiend
 43436 | Elf:3    | Noticed a Hell Sentinel
 43436 | Elf:3    | Identified the +2 plate armour of Pantheism {Rampage Str+6}
                  | (Okawaru gifted it to you on level 3 of the Elven Halls)
 43436 | Elf:3    | Received a gift from Okawaru
 43833 | Elf:3    | Identified the amulet "Ikikep" {Spirit +Blink Str+7 Dex-3}
 43838 | Elf:3    | Identified the +0 troll leather armour "Kanoeb" {rN+ Regen+
                  | Dex+3}
 43940 | Elf:3    | Identified the +8 war axe of Ediwimeo {vamp, rPois rC+ rN++
                  | Dex-3}
 43941 | Elf:3    | Identified the +1 chain mail of Roegoisu {rF+ Int+2}
 43944 | Elf:3    | Noticed an Ice Fiend
 43945 | Elf:3    | Noticed a Tzitzimitl
 43948 | Elf:3    | Shot with an arrow by a deep elf archer

Illustrated notes

Levels and vault maps discovered:
D:1:      dpeg_arrival_simpleton_c, layout_basic,
          shapermc_ecumenical_altar_rom_forum
D:2:      layout_loops_ring, serial_shops, nicolae_lakefront_shop, shop,
          nicolae_shop_bloodbath_and_beyond
D:3:      layout_loops_cross, lemuel_zombie_altar_kikubaaqudgha,
          minmay_shallow_snake_nest
D:4:      layout_loops_ring, mainiacjoe_overflow_concentric_impassable,
          mainiacjoe_overflow_tiny_flanked, minmay_temple_entry_poolview,
          minmay_tree_intersection
D:5:      layout_basic, lemuel_tele_altar, mainiacjoe_overflow_24_doors,
          elyvilon_altar_4, nicolae_ossuary_entry_false_entrances, uniq_pikel,
          uniq_grinder, uniq_ijyb
D:6:      layout_cave_pools, led_xom_imps
D:7:      layout_cave_pods, minmay_misc_feat_cross, uniq_harold
D:8:      nzn_winding_woodlands_small [nzn_winding_woodlands_5x15_longhouse,
          nzn_winding_woodlands_center_diamonds,
          nzn_winding_woodlands_5x15_eye], layout_basic, serial_shops,
          nicolae_shop_temple_entry_statues_fountains
D:9:      layout_grid_maze, tso_oasis_becter, dpeg_lair_monsters, david_orc_3
D:10:     layout_basic, mainiacjoe_overflow_brackets, minmay_diced_spiral,
          uniq_maurice, uniq_snorg
D:11:     layout_irregular_city, grunt_ministairs_1, uniq_nergalle
D:12:     layout_basic, st_stairs_1, serial_bayou_lake_a, uniq_jorgrun
D:13:     layout_grid_maze, erik_vaults_1, chequers_mini_garden
D:14:     layout_loops_ring, grunt_decor_one_mirror
D:15:     grunt_enter_depths_hoard, layout_irregular_city, minmay_crystal_water,
          serial_shops, shop, minivault_25_ag, uniq_roxanne, uniq_nessos
Lair:1:   layout_loops_ring, special_room [special_room_bee],
          nicolae_lair_lakeside_cave, grunt_megastairs_2
Lair:2:   layout_small_grid, basic_altar, beast_lair_carwin_7
Lair:3:   gammafunk_boulding_lane, layout_regular_city, wad_woods_01,
          serial_bayou_shore_b
Lair:4:   layout_regular_city, skrybe_swamp_entry_bodies,
          guppyfry_snake_entry_island, nicolae_lair_grove_arrangements
Lair:5:   layout_gridlike
Lair:6:   guppyfry_lair_end_dragon, layout_loops_ring, wormcave, slime_altar_2,
          lemuel_old_faithful, uniq_urug
Swamp:1:  nicolae_swamp_decorative_isthmus, layout_basic_swamp,
          evilmike_swamp_ruin_rubble_2
Orc:1:    layout_caves, nicolae_orc_damp_corner, minmay_orc_temple_c
Orc:2:    pubby_orc_utopia, serial_shops
Elf:1:    eino_elf_arrival_altar, layout_geoelf_grid, hangedman_elf_represent,
          lemuel_upstairs_altar
Elf:2:    elven_hall_of_blades_hangedman_original [nicolae_blade_tridents],
          layout_geoelf_octagon
Elf:3:    grunt_elf_hall_diamonds, layout_geoelf_octagon,
          nicolae_gammafunk_elf_defective_weapons_storage
Depths:1: layout_honeycomb, enter_ziggurat_e, abyss_entry,
          rand_demon_pan_entry_9, minmay_misc_feat_ornament, hell_entry,
          hangedman_decor_peaks_small, minmay_acid_items

Skill      XL: |  1  2  3  4  5  6  7  8  9 10 11 12 13 14 15 16 17 18 19 |
---------------+----------------------------------------------------------+-----
Invocations    | 1 2 3 4 5 6 7 8 9 10 11 12 13 | 13.6
Short Blades   | 1 2 3 4 5 6 7 8 9 10 11 12 | 12.5
Long Blades    | 1 2 3 4 5 6 7 8 9 10 11 12 | 12.5
Polearms       | 1 2 3 4 5 6 7 8 9 10 11 12 | 12.5
Staves         | 1 2 3 4 5 6 7 8 9 10 11 12 | 12.5
Slings         | 1 2 3 4 5 6 7 8 9 10 11 12 | 12.5
Bows           | 1 2 3 4 5 6 7 8 9 10 11 12 | 12.5
Crossbows      | 1 2 3 4 5 6 7 8 9 10 11 12 | 12.5
Throwing       | 1 2 3 4 5 6 7 8 9 10 11 12 | 12.5
Armour         | 1 2 3 4 5 6 7 8 9 10 11 12 | 12.5
Stealth        | 1 2 3 4 5 6 7 8 9 10 11 12 | 12.5
Shields        | 1 2 3 4 5 6 7 8 9 10 11 12 | 12.5
Unarmed Combat | 1 2 3 4 5 6 7 8 9 10 11 12 | 12.5
Spellcasting   | 1 2 3 4 5 6 7 8 9 10 11 12 | 12.5
Evocations     | 1 2 3 4 5 6 7 8 9 10 11 12 | 12.5
Conjurations   | 1 2 3 4 5 6 7 8 9 10 | 10.6
Hexes          | 1 2 3 4 5 6 7 8 9 10 | 10.6
Summonings     | 1 2 3 4 5 6 7 8 9 10 | 10.6
Necromancy     | 1 2 3 4 5 6 7 8 9 10 | 10.6
Translocations | 1 2 3 4 5 6 7 8 9 10 | 10.6
Transmutations | 1 2 3 4 5 6 7 8 9 10 | 10.6
Fire Magic     | 1 2 3 4 5 6 7 8 9 10 | 10.6
Ice Magic      | 1 2 3 4 5 6 7 8 9 10 | 10.6
Air Magic      | 1 2 3 4 5 6 7 8 9 10 | 10.6
Earth Magic    | 1 2 3 4 5 6 7 8 9 10 | 10.6
Poison Magic   | 1 2 3 4 5 6 7 8 9 10 | 10.6
Axes           | 3 4 5 6 7 8 9 10 11 12 | 12.8
Dodging        | 5 6 7 8 9 10 11 12 13 | 13.3
Fighting       | 7 8 9 10 11 12 13 14 | 14.0
Maces & Flails | 9 10 11 12 13 14 | 14.9

Action                   |  1- 3 |  4- 6 |  7- 9 | 10-12 | 13-15 | 16-18 | 19-21 || total
-------------------------+-------+-------+-------+-------+-------+-------+-------++-------
Melee: Mace              |    67 |    67 |   127 |       |       |       |       ||   261
       Bite              |     6 |     6 |    29 |    77 |   130 |    94 |     4 ||   346
       Kick              |       |     2 |    61 |   114 |    69 |       |       ||   246
       Headbutt          |       |       |    30 |    61 |    59 |       |       ||   150
       Punch             |       |       |     6 |       |     9 |    32 |     1 ||    48
       Whip              |       |       |   155 |       |       |       |       ||   155
       Flail             |       |       |     6 |   623 |       |       |       ||   629
       Morningstar       |       |       |       |   109 |   851 |   498 |    19 ||  1477
       Unarmed           |       |       |       |       |    92 |   222 |    32 ||   346
Throw: Boomerang         |       |       |    12 |    64 |   116 |    54 |     7 ||   253
       Dart              |       |       |       |       |     5 |       |       ||     5
       Javelin           |       |       |       |       |     6 |    27 |       ||    33
       Throwing net      |       |       |       |       |     1 |       |       ||     1
 Cast: Beastly Appendage |       |     2 |    23 |    32 |    29 |     1 |       ||    87
       Scorch            |       |       |     4 |     5 |    21 |       |       ||    30
       Ozocubu's Armour  |       |       |       |     5 |     5 |       |       ||    10
       Flame Wave        |       |       |       |       |    10 |     2 |     2 ||    14
       Fireball          |       |       |       |       |    16 |    19 |     3 ||    38
       Blade Hands       |       |       |       |       |     8 |    21 |     3 ||    32
       Slow              |       |       |       |       |     2 |     4 |       ||     6
       Leda's Liquefacti |       |       |       |       |     2 |       |       ||     2
       Blink             |       |       |       |       |       |     2 |     1 ||     3
       Manifold Assault  |       |       |       |       |       |     5 |     8 ||    13
Invok: Heroism           |       |       |     2 |    16 |     5 |     2 |     2 ||    27
       Finesse           |       |       |       |    10 |     4 |     1 |     2 ||    17
 Abil: Evoke Blink       |       |       |       |       |     7 |     5 |       ||    12
Evoke: Wand              |       |       |     7 |    15 |    21 |     2 |       ||    45
       Lightning rod     |       |       |       |       |     7 |     6 |     2 ||    15
       Condenser vane    |       |       |       |       |     1 |     2 |     1 ||     4
  Use: Scroll            |     3 |     1 |     3 |    10 |    13 |     5 |     1 ||    36
       Potion            |       |       |     4 |     9 |     3 |     6 |     4 ||    26
 Stab: Sleeping          |     1 |       |       |       |    16 |    16 |     3 ||    36
       Paralysed         |       |       |       |       |     8 |       |       ||     8
       Distracted        |       |       |       |       |     1 |     3 |       ||     4
       Held in net/web   |       |       |       |       |     1 |       |       ||     1
Armor: Leather armour    |     6 |       |       |       |       |       |       ||     6
       Scale mail        |     7 |    28 |    69 |   261 |   166 |       |       ||   531
       Robe              |       |       |       |       |   140 |   211 |    14 ||   365
Dodge: Dodged            |    30 |    17 |   101 |   278 |   425 |   407 |    39 ||  1297
       Repelled          |       |       |       |       |     7 |    15 |     2 ||    24
Block: Other             |       |    13 |    45 |       |       |       |       ||    58
       Kite shield       |       |       |    37 |   599 |   607 |   193 |    14 ||  1450
       Reflection        |       |       |     5 |    11 |    32 |       |       ||    48

Table legend: (Time is in decaauts)
 A = Elapsed time spent in this place.
 B = Non-inter-level travel time spent in this place.
 C = Inter-level travel time spent in this place.
 D = Time resting spent in this place.
 E = Time spent auto-exploring this place.
 F = Levels seen in this place.
 G = Mean time per level.
                   A        B        C        D        E       F      G
               +--------+--------+--------+--------+--------+-----+--------+
         Total |  43759 |  40925 |   2834 |  11680 |  21202 |  29 | 1508.9 |
       Dungeon |  21836 |  20051 |   1785 |   5236 |  11189 |  15 | 1455.7 |
          Lair |   9657 |   9166 |    491 |   2339 |   5088 |   6 | 1609.5 |
         Swamp |     36 |     36 |      0 |      0 |      0 |   1 |   36.0 |
  Orcish Mines |   5871 |   5459 |    412 |   2131 |   1773 |   2 | 2935.5 |
   Elven Halls |   3550 |   3448 |    102 |   1023 |   1712 |   3 | 1183.3 |
        Depths |   2315 |   2274 |     41 |    705 |   1332 |   1 | 2315.0 |
       Ossuary |    491 |    491 |      0 |    246 |    106 |   1 |  491.0 |
               +--------+--------+--------+--------+--------+-----+--------+

Top non-repeatable levels by time:
   Orc:2: 3726 daAuts
  Lair:6: 2963 daAuts
     D:9: 2482 daAuts
Depths:1: 2315 daAuts
   Elf:1: 2156 daAuts
   Orc:1: 2145 daAuts
    D:15: 2020 daAuts
     D:8: 1853 daAuts
    D:13: 1848 daAuts
    D:12: 1837 daAuts
  Lair:4: 1799 daAuts
    D:14: 1745 daAuts
     D:5: 1742 daAuts
  Lair:1: 1667 daAuts
     D:7: 1655 daAuts
